 Dungeon Crawl Stone Soup version 0.31-a0-233-g139696dc86 (webtiles) character file.

Game seed: 9952105850591407435

9522 qw the Skirmisher (level 11, -3/99 HPs)
             Began as a Minotaur Hexslinger on July 9, 2023.
             Was a Priest of Okawaru.
             Slain by a death yak (15 damage)
             ... on level 2 of the Lair of Beasts.
             The game lasted 00:03:52 (8204 turns).

qw the Skirmisher (Minotaur Hexslinger)             Turns: 8204, Time: 00:03:52

Health: -3/99      AC: 15    Str: 14    XL:     11   Next: 24%
Magic:  13/13      EV: 25    Int: 10    God:    Okawaru [***...]
Gold:   247        SH:  0    Dex: 18    Spells: 11/12 levels left

rFire   . . .        t - +0 orcbow
rCold   + . .        (shield currently unavailable)
rNeg    . . .        n - +0 robe of Henotheism {*Slow rPois rC+ Dex+2}
rPois   +            k - +1 hat
rElec   .            b - +1 cloak
rCorr   .            p - +0 pair of gloves
SInv    .            h - +2 pair of boots {Fly}
Will    .....        (no amulet)
Stlth   +++          i - +4 ring of protection
HPRegen 0.36/turn    a - +5 ring of evasion
MPRegen 0.13/turn

%: slow self (1%)
@: lethally poisoned (-3 -> -5), about to teleport, heroic, marked, flying,
slowed, very slow
A: horns 2, retaliatory headbutt
a: Renounce Religion, Heroism


You were on level 2 of the Lair of Beasts.
You worshipped Okawaru.
Okawaru was most pleased with you.
You visited 3 branches of the dungeon, and saw 11 of its levels.

You collected 497 gold pieces.
You spent 250 gold pieces at shops.


Innate Abilities, Weirdness & Mutations

You have a pair of horns on your head.
You reflexively headbutt those who attack you in melee.


   Skills:
 - Level 10.0(15.0) Fighting
 + Level 14.1(19.1) Ranged Weapons
 - Level 5.1(10.1) Armour
 - Level 7.1(12.1) Dodging
 - Level 1.0 Spellcasting
 - Level 2.0 Hexes
 - Level 4.0 Invocations


You had 11 spell levels left.
You knew the following spells:

 Your Spells              Type           Power      Damage    Failure   Level
a - Slow                  Hex            16%        N/A       16%         1

Your spell library contained the following spells:

 Spells                   Type           Power      Damage    Failure   Level
 Inner Flame              Hex/Fire       2%         N/A       56%         3
 Portal Projectile        Hex/Tloc       4%         N/A       56%         3
 Cause Fear               Hex            2%         N/A       83%         4

Inventory:

Hand Weapons
 t - a +0 orcbow (weapon)
Armour
 b - a +1 cloak (worn)
 h - a +2 pair of boots of flying (worn)
 k - a +1 hat (worn)
 n - the +0 robe of Henotheism (worn) {*Slow rPois rC+ Dex+2}
   (You bought it in a shop on level 4 of the Dungeon)

   Dex:       It affects your dexterity (+2).
   rC:        It protects you from cold.
   rPois:     It protects you from poison.
   *Slow:     It may slow you when you take damage.
 p - a +0 pair of gloves (worn)
 r - a +2 ring mail of fire resistance
Jewellery
 a - a +5 ring of evasion (right hand)
 i - a +4 ring of protection (left hand)
Scrolls
 f - 5 scrolls of identify
 m - 4 scrolls of teleportation
Potions
 c - a potion of cancellation
 d - 3 potions of curing
 g - 2 potions of mutation
 j - 4 potions of heal wounds
 o - a potion of might
 s - a potion of enlightenment

Dungeon Overview and Level Annotations

Branches:
Dungeon (8/15)             Temple (1/1) D:4            Lair (1/5) D:8

Altars:
Ashenzari
Cheibriados
Dithmenos
Elyvilon
Fedhas
Gozag
Hepliaklqana
Kikubaaqudgha
Nemelex Xobeh
Okawaru
Ru
Sif Muna
Trog
Uskayaw
Vehumet
Wu Jian
Xom
Yredelemnul

Shops:
D:4 [

Annotations:
D:7 1 runed translucent door, Crazy Yiuf
Lair:2 Amaemon


Message History

The five-headed hydra bites you but does no damage.
The five-headed hydra misses you.
The five-headed hydra closely misses you.
The five-headed hydra bites you but does no damage. x2
The orange demon stings you but does no damage.
Amaemon closely misses you. You furiously retaliate!
You headbutt Amaemon. Amaemon misses you.
Amaemon tail-slaps you but does no damage.
The bullfrog misses you.
A cane toad comes into view.
A scorpion comes into view.
The water moccasin completely misses you.
You shoot an arrow. The arrow barely misses the scorpion.
The arrow hits the death yak!!
The death yak is moderately wounded.
You feel sick. The scorpion completely misses you. The bullfrog misses you.
You furiously retaliate!
You headbutt the bullfrog! The death yak completely misses you.
You furiously retaliate!
You headbutt the death yak.
The five-headed hydra barely misses you.
You furiously retaliate!
You headbutt the five-headed hydra.
The five-headed hydra completely misses you.
The five-headed hydra bites you! The five-headed hydra bites you.
The five-headed hydra misses you. Amaemon barely misses you.
Amaemon completely misses you. Amaemon closely misses you.
The orange demon stings you but does no damage.
The scorpion completely misses the fungus.
The water moccasin completely misses you.
You furiously retaliate!
You headbutt the water moccasin. The scorpion barely misses you.
The scorpion misses you. The bullfrog completely misses you.
8204 ||| READING 5 scrolls of teleportation.
As you read the scroll of teleportation, it crumbles to dust.
You feel strangely unstable.
You feel sick.
A black mamba comes into view.
A cane toad comes into view.
The giant cockroach waves its antennae.
The scorpion stings the fungus!
The fungus begins to die.
The fungus is poisoned.
The scorpion poisons the fungus!
The death yak gores you!
You die...

.....$.........
...............
...F....P......
...........B..#
...............
......FS.....P.
......SsD....#
#...46@s....#
F....YYYFP..##
#....ssY.s..#
###.Fh#P..s..Ss
#$.$##..#####
#... ..# #..
.## ... ##


You could see Amaemon, 4 death yaks, a five-headed hydra, an orange demon, a
polar bear, 2 black mambas, 2 cane toads, a water moccasin, 3 bullfrogs, 7
scorpions and a giant cockroach.

Vanquished Creatures
  Gastronok (D:8)
  A boulder beetle (Lair:1)
  A cane toad (Lair:1)
  Psyche (D:8)
  A komodo dragon (Lair:1)
  A polar bear (Lair:1)
  A hornet (D:8)
  Prince Ribbit (D:8)
  4 blink frogs (Lair:1)
  12 yaks
  A basilisk (Lair:1)
  3 water moccasins
  3 orc warriors
  An ice beast (D:5)
  A black bear (D:6)
  A sky beast (D:7)
  4 ogres
  A centaur (D:7)
  2 phantoms
  4 kobold brigands
  5 bullfrogs
  4 scorpions
  9 wights
  3 killer bees (D:8)
  3 howler monkeys (D:7)
  2 vampire bats (D:4)
  3 electric eels (D:7)
  A hound (D:5)
  4 orc priests
  A sleepcap (D:4)
  An iguana (D:6)
  7 orc wizards
  A mummy (D:4)
  3 gnolls (D:3)
  10 adders
  A white imp (D:7)
  A worm (D:3)
  2 dart slugs
  36 orcs
  6 ball pythons
  3 bat skeletons (D:4)
  2 bat zombies (D:4)
  6 endoplasms
  4 giant cockroaches
  5 goblins
  7 hobgoblins
  2 jackals (D:1)
  3 quokkas
  4 bats
  2 frilled lizards (D:2)
  29 kobolds
  2 rats (D:3)
  A butterfly (Lair:2)
218 creatures vanquished.

Notes
Turn   | Place    | Note
-------+----------+-------------------------------------------
     0 | D:1      | qw the Minotaur Hexslinger began the quest for the Orb.
     0 | D:1      | Reached XP level 1. HP: 16/16 MP: 1/1
     0 | D:1      | 0 ||| qw: Version: 0.3-a-51-g015441d
     0 | D:1      | 0 ||| qw: Game counter: 3935
     0 | D:1      | 0 ||| qw: Melee chars always use a shield: true
     0 | D:1      | 0 ||| qw: God list: Okawaru
     0 | D:1      | 0 ||| qw: Allow faded altars: false
     0 | D:1      | 0 ||| qw: Do Orc after clearing Dungeon:15 true
     0 | D:1      | 0 ||| qw: Do second Lair branch before Depths: true
     0 | D:1      | 0 ||| qw: Lair rune preference: random
     0 | D:1      | 0 ||| qw: Goals: Normal
     0 | D:1      | 0 ||| PLANNING D:1-11
    87 | D:1      | Reached skill level 3 in Ranged Weapons
    90 | D:1      | Reached XP level 2. HP: 23/23 MP: 2/2
   412 | D:1      | 412 ||| UPGRADING to +0 leather armour.
   422 | D:1      | 422 ||| DROPPING +0 robe.
   423 | D:1      | 423 ||| UPGRADING to +0 ring mail.
   433 | D:1      | 433 ||| DROPPING +0 leather armour.
   434 | D:1      | 434 ||| UPGRADING to ring of protection from cold.
   435 | D:1      | 435 ||| READING scroll labelled PAVASYUNNO.
   436 | D:1      | 436 ||| READING 3 scrolls labelled QORIOH SIONYL.
   437 | D:1      | 437 ||| READING scroll labelled WOROMM SIOVOLASUTO.
   438 | D:1      | 438 ||| READING scroll labelled GOFABIODE.
   439 | D:1      | 439 ||| READING 2 scrolls of identify.
   439 | D:1      | 439 ||| IDENTIFYING murky grey potion
   440 | D:1      | 440 ||| DROPPING scroll of poison.
   441 | D:1      | 441 ||| DROPPING potion of attraction.
   821 | D:2      | Reached XP level 3. HP: 26/29 MP: 3/3
  1039 | D:2      | 1039 ||| UPGRADING to +1 cloak.
  1044 | D:2      | 1044 ||| UPGRADING to +5 ring of evasion.
  1252 | D:3      | Found a radiant altar of Vehumet.
  1305 | D:3      | Reached skill level 4 in Ranged Weapons
  1332 | D:3      | Reached skill level 1 in Armour
  1339 | D:3      | Found an ornate altar of the Wu Jian Council.
  1522 | D:3      | Reached XP level 4. HP: 33/36 MP: 4/4
  1831 | D:3      | 1831 ||| READING scroll labelled GUGAAKL FIZU.
  1835 | D:3      | 1835 ||| READING 3 scrolls of identify.
  1835 | D:3      | 1835 ||| IDENTIFYING white potion
  1857 | D:4      | 1857 ||| Stepping ~*~*~tactically~*~*~ (outnumbered).
  1861 | D:4      | 1861 ||| STAIRDANCE
  1876 | D:4      | 1876 ||| Stepping ~*~*~tactically~*~*~ (outnumbered).
  1878 | D:4      | Reached skill level 5 in Ranged Weapons
  1886 | D:4      | Reached skill level 3 in Fighting
  1886 | D:4      | Reached XP level 5. HP: 41/45 MP: 5/5
  2079 | D:4      | Found an ancient bone altar of Kikubaaqudgha.
  2116 | D:4      | Reached skill level 6 in Ranged Weapons
  2209 | D:4      | Found a snail-covered altar of Cheibriados.
  2325 | D:4      | Found Uwazof's Antique Armour Shoppe.
  2332 | D:4      | 2332 ||| BUYING pair of embroidered boots (142 gold).
  2332 | D:4      | Bought a pair of embroidered boots for 142 gold pieces
  2332 | D:4      | 2332 ||| SHOPLISTING quicksilver dragon scales (1140 gold,
                  | have 72).
  2332 | D:4      | 2332 ||| SHOPLISTING ripped robe (108 gold, have 72).
  2429 | D:4      | Found a staircase to the Ecumenical Temple.
  2430 | D:4      | 2430 ||| PLANNING TEMPLE
  2430 | D:4      | 2430 ||| UPGRADING to +0 leather armour of fire resistance.
  2440 | D:4      | 2440 ||| UPGRADING to +2 pair of boots of flying.
  2445 | D:4      | 2445 ||| READING 4 scrolls of identify.
  2445 | D:4      | 2445 ||| IDENTIFYING fuming orange potion
  2452 | Temple   | Entered the Ecumenical Temple
  2462 | Temple   | 2462 ||| PLANNING OKAWARU WORSHIP
  2469 | Temple   | Became a worshipper of Warmaster Okawaru
  2470 | Temple   | 2470 ||| PLANNING D:1-11
  2545 | D:4      | Found an opulent altar of Gozag.
  2553 | D:4      | Reached XP level 6. HP: 52/52 MP: 6/6
  2875 | D:4      | 2875 ||| FLEEEEING.
  2876 | D:4      | 2876 ||| FLEEEEING.
  2882 | D:4      | 2882 ||| FLEEEEING.
  2883 | D:4      | 2883 ||| FLEEEEING.
  2884 | D:4      | 2884 ||| FLEEEEING.
  2891 | D:4      | 2891 ||| BUYING ripped robe (108 gold).
  2891 | D:4      | Bought a ripped robe for 108 gold pieces
  2891 | D:4      | Identified the +0 robe of Henotheism {*Slow rPois rC+
                  | Dex+2} (You bought it in a shop on level 4 of the Dungeon)
  2895 | D:4      | 2895 ||| FLEEEEING.
  2896 | D:4      | 2896 ||| FLEEEEING.
  2897 | D:4      | 2897 ||| FLEEEEING.
  2898 | D:4      | 2898 ||| FLEEEEING.
  2899 | D:4      | 2899 ||| FLEEEEING.
  2900 | D:4      | 2900 ||| FLEEEEING.
  3156 | D:4      | 3156 ||| UPGRADING to +0 robe of Henotheism {*Slow rPois
                  | rC+ Dex+2}.
  3166 | D:4      | 3166 ||| READING scroll labelled ZUNAFOIDGHO.
  3167 | D:4      | 3167 ||| READING scroll labelled WIVIRU PABLO.
  3168 | D:4      | 3168 ||| READING 3 scrolls of identify.
  3168 | D:4      | 3168 ||| IDENTIFYING glowing yellow potion
  3189 | D:5      | Entered Level 5 of the Dungeon
  3200 | D:5      | 3200 ||| STAIRDANCE
  3207 | D:4      | Reached skill level 7 in Ranged Weapons
  3207 | D:4      | Reached XP level 7. HP: 32/60 MP: 7/7
  3207 | D:4      | Reached * piety under Okawaru
  3208 | D:4      | Reached skill level 3 in Dodging
  3208 | D:4      | 3208 ||| INVOKING Heroism.
  3463 | D:5      | Reached skill level 8 in Ranged Weapons
  3599 | D:5      | Found a shadowy altar of Dithmenos.
  3633 | D:5      | 3633 ||| INVOKING Heroism.
  3634 | D:5      | 3634 ||| INVOKING Heroism.
  3672 | D:5      | Reached skill level 1 in Invocations
  3893 | D:5      | Reached XP level 8. HP: 68/68 MP: 8/8
  3916 | D:5      | 3916 ||| UPGRADING to +4 ring of protection.
  3918 | D:5      | 3918 ||| DROPPING ring of protection from cold.
  3919 | D:5      | 3919 ||| READING scroll labelled METWOH PUPOU.
  3920 | D:5      | 3920 ||| READING 4 scrolls of identify.
  3920 | D:5      | 3920 ||| IDENTIFYING grey potion
  3960 | D:6      | 3960 ||| INVOKING Heroism.
  4053 | D:6      | 4053 ||| INVOKING Heroism.
  4155 | D:6      | Reached skill level 3 in Invocations
  4156 | D:6      | 4156 ||| INVOKING Heroism.
  4284 | D:6      | Reached skill level 9 in Ranged Weapons
  4653 | D:6      | 4653 ||| UPGRADING to +0 pair of gloves.
  4658 | D:6      | 4658 ||| READING scroll labelled XUOFASEURCH.
  4659 | D:6      | 4659 ||| READING 6 scrolls of identify.
  4659 | D:6      | 4659 ||| IDENTIFYING inky potion
  4686 | D:7      | Found a hide-covered altar of Uskayaw.
  4689 | D:7      | 4689 ||| Stepping ~*~*~tactically~*~*~ (outnumbered).
  4692 | D:7      | 4692 ||| Stepping ~*~*~tactically~*~*~ (outnumbered).
  4773 | D:7      | Reached skill level 6 in Fighting
  4780 | D:7      | Found a shimmering altar of Xom.
  4796 | D:7      | 4796 ||| Stepping ~*~*~tactically~*~*~ (outnumbered).
  4798 | D:7      | 4798 ||| INVOKING Heroism.
  5034 | D:7      | Found a blossoming altar of Fedhas.
  5053 | D:7      | Reached skill level 10 in Ranged Weapons
  5119 | D:7      | 5119 ||| SWAPPING to +0 orcbow.
  5120 | D:7      | 5120 ||| DROPPING +2 sling.
  5194 | D:7      | Reached ** piety under Okawaru
  5210 | D:7      | Reached XP level 9. HP: 61/74 MP: 11/11
  5273 | D:7      | 5273 ||| INVOKING Heroism.
  5512 | D:7      | 5512 ||| INVOKING Heroism.
  5522 | D:7      | Reached skill level 11 in Ranged Weapons
  5743 | D:7      | 5743 ||| INVOKING Heroism.
  5787 | D:7      | 5787 ||| INVOKING Heroism.
  5865 | D:7      | 5865 ||| INVOKING Heroism.
  5993 | D:7      | Found a runed translucent door.
  5994 | D:7      | Noticed Crazy Yiuf
  6195 | D:7      | 6195 ||| DROPPING +0 leather armour of fire resistance.
  6196 | D:7      | 6196 ||| DROPPING +0 ring mail.
  6197 | D:7      | 6197 ||| DROPPING ring of ice.
  6198 | D:7      | 6198 ||| READING 5 scrolls of identify.
  6198 | D:7      | 6198 ||| IDENTIFYING ruby potion
  6199 | D:7      | 6199 ||| READING 4 scrolls of identify.
  6199 | D:7      | 6199 ||| IDENTIFYING purple potion
  6200 | D:7      | 6200 ||| READING 3 scrolls of identify.
  6200 | D:7      | 6200 ||| IDENTIFYING lumpy puce potion
  6201 | D:7      | 6201 ||| DROPPING potion of degeneration.
  6202 | D:7      | 6202 ||| DROPPING potion of invisibility.
  6255 | D:8      | 6255 ||| INVOKING Heroism.
  6314 | D:8      | Found a sparkling altar of Nemelex Xobeh.
  6330 | D:8      | Found a staircase to the Lair.
  6346 | D:8      | Reached skill level 12 in Ranged Weapons
  6354 | D:8      | 6354 ||| Stepping ~*~*~tactically~*~*~ (outnumbered).
  6355 | D:8      | 6355 ||| Stepping ~*~*~tactically~*~*~ (outnumbered).
  6372 | D:8      | Noticed Psyche
  6373 | D:8      | 6373 ||| INVOKING Heroism.
  6379 | D:8      | Killed Psyche
  6380 | D:8      | Reached XP level 10. HP: 85/90 MP: 9/12
  6511 | D:8      | 6511 ||| Stepping ~*~*~tactically~*~*~ (outnumbered).
  6617 | D:8      | Identified the orb "Cooz Foa" {*Rage, rN+ Str+2 Dex+3}
  6649 | D:8      | 6649 ||| INVOKING Heroism.
  6721 | D:8      | Found a white marble altar of Elyvilon.
  6729 | D:8      | Noticed Prince Ribbit
  6741 | D:8      | Killed Prince Ribbit
  6742 | D:8      | Reached skill level 6 in Dodging
  6784 | D:8      | Reached *** piety under Okawaru
  6970 | D:8      | Noticed Gastronok
  6971 | D:8      | 6971 ||| INVOKING Heroism.
  6999 | D:8      | 6999 ||| INVOKING Heroism.
  7000 | D:8      | Killed Gastronok
  7001 | D:8      | Reached skill level 13 in Ranged Weapons
  7470 | D:8      | 7470 ||| UPGRADING to +1 hat.
  7475 | D:8      | 7475 ||| DROPPING ring of see invisible.
  7648 | D:7      | 7648 ||| PLANNING LAIR
  7715 | Lair:1   | Entered Level 1 of the Lair of Beasts
  7723 | Lair:1   | 7723 ||| INVOKING Heroism.
  7731 | Lair:1   | Noticed a boulder beetle
  7732 | Lair:1   | Reached skill level 9 in Fighting
  7742 | Lair:1   | 7742 ||| INVOKING Heroism.
  7756 | Lair:1   | Killed a boulder beetle
  7813 | Lair:1   | Noticed a cane toad
  7814 | Lair:1   | 7814 ||| INVOKING Heroism.
  7823 | Lair:1   | Killed a cane toad
  7838 | Lair:1   | Received a gift from Okawaru
  7847 | Lair:1   | 7847 ||| INVOKING Heroism.
  7856 | Lair:1   | Reached skill level 14 in Ranged Weapons
  7856 | Lair:1   | Reached XP level 11. HP: 97/97 MP: 10/13
  7880 | Lair:1   | 7880 ||| INVOKING Heroism.
  7997 | Lair:1   | Reached **** piety under Okawaru
  7999 | Lair:1   | 7999 ||| INVOKING Heroism.
  8189 | Lair:1   | You are sucked into a shaft and drop 1 floor!
  8189 | Lair:2   | Noticed Amaemon
  8189 | Lair:2   | Noticed a five-headed hydra
  8190 | Lair:2   | 8190 ||| INVOKING Heroism.
  8194 | Lair:2   | Noticed a death yak
  8195 | Lair:2   | Noticed a death yak
  8196 | Lair:2   | Noticed a death yak
  8199 | Lair:2   | Noticed a death yak
  8203 | Lair:2   | HP: 19/99 [five-headed hydra (13)]
  8204 | Lair:2   | 8204 ||| READING 5 scrolls of teleportation.
  8204 | Lair:2   | Slain by a death yak

Levels and vault maps discovered:
D:1:      minmay_arrival_radiant_lines, layout_rooms
D:2:      layout_loops_ring
D:3:      layout_loops_corners, mainiacjoe_overflow_boulevard,
          mainiacjoe_overflow_alcove_1
D:4:      layout_loops_corners, kennysheep_vampire_church,
          nicolae_gozag_cash_rules_everything_around_me, slow_altar_1,
          minmay_temple_entry_hall, serial_shops, shop,
          hangedman_minor_gate_pass
D:5:      layout_rooms, nicolae_dithmenos_through_a_glass_darkly,
          grunt_ministairs_1
D:6:      layout_loops_cross
D:7:      layout_basic, nicolae_overflow_hidden_temple,
          mainiacjoe_overflow_paths, fedhas_bush_and_centaur_altar,
          roderic_lattice_a, water_maze_lemuel, uniq_crazy_yiuf_cottage
D:8:      layout_basic, elyvilon_altar_1, mainiacjoe_overflow_six_doors_small,
          uniq_prince_ribbit1, uniq_gastronok, uniq_psyche
Temple:   hellmonk_temple_two_chambers
Lair:1:   layout_cellular_growth, patterned_corridor, uniq_maggie
Lair:2:   layout_loops_ring, nicolae_spider_entry_non_spiders,
          grunt_megastairs_3, infiniplex_staircase_pool_2, lemuel_fruit_fields,
          uniq_amaemon, uniq_urug

Skill      XL: |  1  2  3  4  5  6  7  8  9 10 11 |
---------------+----------------------------------+-----
Ranged Weapons | 3 4 5 6 7 8 10 12 14 | 14.1
Fighting       | 2 3 4 5 6 8 9 10 | 10.0
Armour         | 1 2 5 |  5.1
Dodging        | 3 4 5 6 7 |  7.1
Invocations    | 1 4 |  4.0
Spellcasting   | |  1.0
Hexes          | |  2.0

Action                     |  1- 3 |  4- 6 |  7- 9 | 10-12 || total
---------------------------+-------+-------+-------+-------++-------
   Fire: Sling             |   128 |   151 |   212 |       ||   491
         Orcbow            |       |       |   155 |   277 ||   432
 Invoke: Heroism           |       |       |    13 |    10 ||    23
    Use: Scroll            |     5 |     6 |     7 |     1 ||    19
 Armour: Robe              |     2 |    11 |    36 |    29 ||    78
         Ring mail         |     3 |    19 |       |       ||    22
         Leather armour    |       |     5 |       |       ||     5
  Dodge: Dodged            |    36 |   132 |   153 |   142 ||   463

Table legend:
 A = Non-vault XP
 B = Vault XP
 C = Vault XP percentage of total XP
 D = Non-vault monster count
 E = Vault monster count
 F = Vault count percentage of total count
                 A         B        C        D         E       F
            +---------+---------+-------+---------+---------+-------
      Total |   10953 |    2650 |  19.5 |     196 |      21 |   9.7
            +---------+---------+-------+---------+---------+-------
        D:1 |      26 |       0 |   0.0 |      14 |       0 |   0.0
        D:2 |      19 |       0 |   0.0 |      12 |       0 |   0.0
        D:3 |      96 |       0 |   0.0 |      21 |       0 |   0.0
        D:4 |     485 |     282 |  36.8 |      19 |      17 |  47.2
        D:5 |     608 |       0 |   0.0 |      16 |       0 |   0.0
        D:6 |     480 |       0 |   0.0 |      10 |       0 |   0.0
        D:7 |    2582 |     110 |   4.1 |      40 |       1 |   2.4
        D:8 |    1677 |    2258 |  57.4 |      44 |       3 |   6.4
     Lair:1 |    4829 |       0 |   0.0 |      19 |       0 |   0.0
     Lair:2 |     151 |       0 |   0.0 |       1 |       0 |   0.0
            +---------+---------+-------+---------+---------+-------
